 Dungeon Crawl Stone Soup version 0.19-a0-687-g35db334 (webtiles) character file.

94 tes3 the Skirmisher (level 4, -1/33 HPs)
             Began as a Demonspawn Abyssal Knight on June 18, 2016.
             Was a Follower of Lugonu.
             Slain by a centaur skeleton (6 damage)
             ... on level 4 of the Dungeon.
             The game lasted 00:05:06 (1179 turns).

tes3 the Skirmisher (Demonspawn Abyssal Knight)     Turns: 1179, Time: 00:05:06

Health: -1/33      AC:  6    Str: 14    XL:     4   Next: 38%
Magic:  5/5        EV: 15    Int: 13    God:    Lugonu [*.....]
Gold:   18         SH:  0    Dex: 12    Spells: 0 memorised, 3 levels left

rFire  . . .     SeeInvis .     o - +0 mace (venom)
rCold  . . .     Gourm    .     b - +0 leather armour
rNeg   . . .     Faith    .     (no shield)
rPois  .         Spirit   .     (helmet restricted)
rElec  .         Dismiss  .     (no cloak)
rCorr  .         Reflect  .     (no gloves)
SustAt .         Harm     .     q - +0 pair of boots
MR     .....                    (no amulet)
Stlth  +.........               (no ring)
                                k - +3 ring of evasion

@: not resistant to hostile enchantments, very unstealthy
A: hooves 1, horns 1, slimy green scales 1, frail 1, mutation resistance 1
a: Depart the Abyss, Renounce Religion


You were on level 4 of the Dungeon.
You worshipped Lugonu.
Lugonu was aware of your devotion.
You were very hungry.

You visited 1 branch of the dungeon, and saw 3 of its levels.
You visited the Abyss 1 time.

You collected 74 gold pieces.
You spent 56 gold pieces at shops.

Inventory:

Hand Weapons
 a - a +1 mace
 o - a +0 mace of venom (weapon)
Missiles
 h - 7 tomahawks of returning (quivered)
Armour
 b - a +0 leather armour (worn)
 j - a +0 shield
 q - a +0 pair of boots (worn)
Jewellery
 k - a +3 ring of evasion (left hand)
Wands
 f - a wand of enslavement (17/24)
Scrolls
 d - a scroll of magic mapping
 l - a scroll of identify {unknown}
 m - a scroll of enchant armour {unknown}
 p - a scroll of blinking {unknown}
Potions
 e - a potion of mutation
 g - 3 potions of curing {unknown}
Comestibles
 c - a bread ration
 i - a meat ration
 n - a fruit
 r - a beef jerky


   Skills:
 + Level 3.9 Fighting
 + Level 2.5 Maces & Flails
 + Level 2.3 Armour
 + Level 2.0 Dodging
 + Level 2.4 Invocations


You had 3 spell levels left.
You didn't know any spells.

Dungeon Overview and Level Annotations

Branches:
Dungeon (4/15)
 Temple: D:4-7

Altars:
Hepliaklqana
Vehumet

Shops:
D:4 (*

Annotations:
D:4 Natasha


Innate Abilities, Weirdness & Mutations

You have large cloven feet.
You are partially covered in slimy green scales. (AC +2)
You have a pair of small horns on your head.
You are frail. (-10% HP)
You are somewhat resistant to further mutation.


Message History

The magic dart hits you! The centaur skeleton barely misses you.
Natasha claws you.
You are feeling very hungry.
You completely miss Natasha. The centaur skeleton misses you.
The centaur skeleton completely misses you.
Natasha claws you but does no damage.
You hit Natasha but do no damage.
The centaur skeleton hits you but does no damage.
Natasha misses you. The centaur skeleton hits you.
You barely miss Natasha. The centaur skeleton hits you.
* * * LOW HITPOINT WARNING * * *
Natasha claws you.
* * * LOW HITPOINT WARNING * * *
You are too injured to fight recklessly!
You are too injured to fight recklessly!
It was a potion of mutation.
You feel extremely strange. A pair of horns grows on your head!
You feel frail.
You feel genetically stable. The centaur skeleton hits you.
You die...

.#..#.......#...........,*
.#..#.......#?....######*****
###.##.....##...........,,,,*
#.####.####.#...#.####***,*
**#..,........#...#.#<,,,,*,*
.,...............>#,#****,*,*
.*##.#####.####..##,,,,,*,,,*
.# *,* #.* #.Z#####..,,,** ,#
*,* *,***#.@.......,,,* ,*
*,* #.....h........∩,,** ,*
*,****#..............,,,,*
,***,*,,,......$........,,,,*
,,,,,*,**##.............**,,*
,*****,*<.'...........##**,**
,* ***+**##...........# *,*
,* *,,,,* #...........# *,*
,* *,,,,* *,,,,,,,,,,,* *,*


You could see Natasha and a centaur skeleton.

Vanquished Creatures
  Natasha (D:4)
  A worker ant (D:4)
  An adder (D:4)
  2 worms
  A giant gecko (D:1)
  An orc (D:4)
  3 bats (D:1)
  3 giant cockroaches
  3 goblins
  4 hobgoblins
  4 giant newts
  4 kobolds
  2 rats
30 creatures vanquished.

Notes
Turn   | Place    | Note
--------------------------------------------------------------
     0 | Abyss:1  | tes3 the Demonspawn Abyssal Knight began the quest for the Orb.
     0 | Abyss:1  | Reached XP level 1. HP: 18/18 MP: 2/2
    31 | Abyss:2  | Noticed a fire elemental
    38 | D:1      | Escaped the Abyss
   450 | D:1      | Reached * piety under Lugonu
   450 | D:1      | Gained mutation: You have large cloven feet. [demonic ancestry]
   450 | D:1      | Reached XP level 2. HP: 24/24 MP: 3/3
   971 | D:2      | Reached skill level 1 in Dodging
   971 | D:2      | Reached XP level 3. HP: 30/30 MP: 4/4
  1011 | D:2      | Found a hazy altar of Hepliaklqana.
  1017 | D:2      | You fall through a shaft for 2 floors!
  1053 | D:4      | Found Amairet's Weapon Shop.
  1076 | D:4      | Found Hus Xajyi's Assorted Antiques.
  1088 | D:4      | Bought a fizzy ruby potion for 28 gold pieces
  1088 | D:4      | Bought a viscous coppery potion for 28 gold pieces
  1122 | D:4      | Noticed Natasha
  1132 | D:4      | Killed Natasha
  1132 | D:4      | Gained mutation: You are partially covered in slimy green scales. (AC +2) [demonic ancestry]
  1132 | D:4      | Reached XP level 4. HP: 24/37 MP: 5/5
  1145 | D:4      | Found a radiant altar of Vehumet.
  1169 | D:4      | Noticed Natasha
  1179 | D:4      | Gained mutation: You have a pair of small horns on your head. [potion of mutation]
  1179 | D:4      | Gained mutation: You are frail. (-10% HP) [potion of mutation]
  1179 | D:4      | Gained mutation: You are somewhat resistant to further mutation. [potion of mutation]
  1179 | D:4      | Slain by a centaur skeleton

Vault maps used:
D:1:      minmay_arrival_hallway
D:2:      overflow_temple_1_default, okawaru_gym_becter, uniq_robin
D:4:      old_standard_altar, nicolae_overflow_crystal_walls, enter_ossuary_1,
          serial_shops, shop, kennysheep_mini_moat, nicolae_shop_stone, shop,
          first_bread, minmay_misc_feat_roman, uniq_natasha

Skill      XL: |  1  2  3  4 |
---------------+-------------+-----
Maces & Flails | 2 |  2.5
Armour         | 2 |  2.3
Dodging        | 1 2 |  2.0
Fighting       | |  3.9
Invocations    | |  2.4

Action                   |  1- 3 |  4- 6 || total
-------------------------+-------+-------++-------
Melee: Mace              |    97 |    11 ||   108
       Kick              |     6 |       ||     6
Invok: Depart the Abyss  |     1 |       ||     1
  Use: Scroll            |     1 |       ||     1
       Potion            |       |     1 ||     1
 Stab: Sleeping          |     1 |       ||     1
Armor: Leather armour    |    32 |     5 ||    37
Dodge: Dodged            |   107 |    13 ||   120
Block: Shield            |     1 |       ||     1
